 Dungeon Crawl Stone Soup version 0.25-a0-353-ged6d54792d (webtiles) character file.

Game seed: 14939623098367173781, levelgen mode: deterministic

210 sankara the Grave Robber (level 5, 0/37 HPs)
             Began as a Demonspawn Necromancer on Jan 2, 2020.
             Slain by Grinder (5 damage)
             ... on level 3 of the Dungeon.
             The game lasted 00:15:13 (2934 turns).

sankara the Grave Robber (Demonspawn Necromancer)   Turns: 2934, Time: 00:15:14

Health: 0/37       AC:  5    Str:  8    XL:     5   Next: 56%
Magic:  17/17      EV: 13    Int: 18    God:
Gold:   77         SH:  0    Dex: 13    Spells: 3/8 levels left

rFire    + . .     SeeInvis .   a - +0 dagger
rCold    x . .     Gourm    .   (no shield)
rNeg     + . .     Faith    .   p - +2 robe {rN+}
rPois    .         Spirit   .   (helmet restricted)
rElec    .         Reflect  .   (no cloak)
rCorr    .         Harm     .   (no gloves)
MR       .....                  n - +0 pair of boots
Stlth    ++........             (no amulet)
HPRegen  0.12/turn              l - ring of fire {rF+, rC-}
MPRegen  0.15/turn              q - ring of magical power {MP+9}

@: no status effects
A: antennae 2, spiny 2
a: no special abilities


You were on level 3 of the Dungeon.
You were not hungry.

You visited 1 branch of the dungeon, and saw 3 of its levels.

You collected 77 gold pieces.

Inventory:

Hand Weapons
 a - a +0 dagger (weapon)
   (You took it off a goblin on level 1 of the Dungeon)
 g - a +0 whip
   (You found it on level 1 of the Dungeon)
Missiles
 s - 2 datura-tipped darts (quivered)
 t - 5 poisoned darts
Armour
 n - a +0 pair of boots (worn)
   (You found it on level 2 of the Dungeon)
 p - a +2 robe of positive energy (worn)
   (You found it on level 2 of the Dungeon)
Jewellery
 l - a ring of fire (left hand) {rF+, rC-}
   (You found it on level 2 of the Dungeon)
 q - a ring of magical power (right hand) {MP+9}
   (You found it on level 3 of the Dungeon)
Wands
 d - a wand of digging (5)
   (You took it off Ijyb on level 3 of the Dungeon)
Scrolls
 b - 3 scrolls of identify {unknown}
 e - a scroll of blinking {unknown}
 f - a scroll of immolation {unknown}
 j - a scroll of enchant armour {unknown}
Potions
 h - a potion of berserk rage {unknown}
 i - a potion of brilliance {unknown}
 m - 2 potions of agility {unknown}
 o - a potion of heal wounds {unknown}
 r - a potion of mutation {unknown}
Comestibles
 c - 7 rations
 k - 6 chunks of flesh {@w0}


   Skills:
 + Level 1.0 Fighting
 - Level 3.0 Dodging
 - Level 1.7 Stealth
 + Level 2.3 Spellcasting
 * Level 6.5 Necromancy


You had 3 spell levels left.
You knew the following spells:

 Your Spells              Type           Power        Failure   Level  Hunger
a - Pain                  Necr           ####         1%          1    #......
b - Animate Skeleton      Necr           N/A          1%          1    #......
c - Regeneration          Chrm/Necr      ##........   14%         3    ###....

Your spell library contained the following spells:

 Spells                   Type           Power        Failure   Level  Hunger
 Vampiric Draining        Necr           ####......   3%          3    ###....
 Animate Dead             Necr           N/A          12%         4    #####..


Dungeon Overview and Level Annotations

Branches:
Dungeon (3/15)

Altars:
Cheibriados

Annotations:
D:3 Grinder


Innate Abilities, Weirdness & Mutations

You have a pair of antennae on your head.
You are mostly covered in sharp spines.


Message History

Aim: Jessica, wielding a +0 club and wearing a +0 robe (chance to defeat MR: 89%) Jessica writhes in agony!
Casting: Pain (safe; 1% risk of failure)
Confirm with . or Enter, or press ? or * to list all spells.
Aiming: Pain (safe; 1% risk of failure)
Press: ? - help, Shift-Dir - straight line, f/p - Jessica
Aim: Jessica, wielding a +0 club and wearing a +0 robe (severely wounded, chance to defeat MR: 89%) Jessica writhes in agony.
Jessica mumbles some strange words.
Jessica blinks!
Casting: Pain (safe; 1% risk of failure)
Confirm with . or Enter, or press ? or * to list all spells.
Aiming: Pain (safe; 1% risk of failure)
Press: ? - help, Shift-Dir - straight line, f/p - Jessica
Aim: Jessica, wielding a +0 club and wearing a +0 robe (almost dead, chance to defeat MR: 89%) Jessica writhes in agony.
You kill Jessica!
Your Fighting skill increases to level 1!
You start resting.
Magic restored.
HP restored.
r - a murky yellow potion
Items here: ( ) [ † a +0 club; a +0 robe; 2 datura-tipped darts; the human corpse of Jessica You swap places.
Items here: ( ) [ † a +0 club; a +0 robe; 2 datura-tipped darts; the human corpse of Jessica
s - 2 datura-tipped darts
Casting: Pain (safe; 1% risk of failure)
Confirm with . or Enter, or press ? or * to list all spells.
You attempt to give life to the dead...
Before your eyes, flesh is ripped from the corpse!
The dead are walking!
k - 6 chunks of flesh {@w0} (gained 3)
You see here 5 poisoned darts.
t - 5 poisoned darts Grinder is too close now for your liking.
You swap places.
You swap places.
You hit Grinder but do no damage.
Your hobgoblin skeleton hits Grinder.
Grinder hits you!
You writhe in agony.
Grinder is struck by your spines. Grinder hits you but does no damage.
Your hobgoblin skeleton misses Grinder.
You hit Grinder but do no damage.
Grinder is moderately wounded.
Grinder hits you but does no damage.
Jessica hits Grinder with a +0 club.
You closely miss Grinder.
Grinder is moderately wounded.
Your hobgoblin skeleton closely misses Grinder.
Grinder gestures at you.
You suddenly lose the ability to move!
Your hobgoblin skeleton hits Grinder but does no damage.
Jessica hits Grinder with a +0 club.
Grinder is struck by your spines. Grinder hits you.
You writhe in agony.
Your hobgoblin skeleton barely misses Grinder.
Grinder hits you.
Jessica barely misses Grinder.
Grinder hits you.
Your hobgoblin skeleton closely misses Grinder.
Your hobgoblin skeleton crumbles into dust!
Jessica closely misses Grinder.
Grinder gestures at you.
You barely resist.
Jessica closely misses Grinder.
Grinder is struck by your spines. Grinder hits you.
You can move again.
You hit Grinder but do no damage.
Grinder is heavily wounded.
Grinder hits you but does no damage.
Jessica barely misses Grinder.
You hit Grinder.
Grinder is heavily wounded.
Grinder closely misses you.
You closely miss Grinder.
Grinder is heavily wounded.
Jessica closely misses Grinder.
Grinder hits you.
* * * LOW HITPOINT WARNING * * *
You writhe in agony.
* * * LOW HITPOINT WARNING * * *
Unknown command.
You hit Grinder.
Grinder is heavily wounded.
Jessica hits Grinder but does no damage.
Grinder misses you.
You hit Grinder.
Grinder is heavily wounded.
Grinder is struck by your spines. Grinder closely misses you.
Jessica closely misses Grinder.
You hit Grinder but do no damage.
Grinder is severely wounded.
Grinder hits you but does no damage.
You closely miss Grinder.
Grinder is severely wounded.
Jessica barely misses Grinder.
Grinder gestures at you. Pain shoots through your body!
* * * LOW HITPOINT WARNING * * *
Unknown command.
You hit Grinder.
Grinder is severely wounded.
Grinder hits you.
You die...

...###.. .....#
#.....
.....#####...### ####
......(....<.<.. #...
........####.### #...
..... #.# #... ##....
#.# .###...######..#
#.#
.........<...@######^
... .
##.........Z5......
.....
#..........#######
..... #..........#
#..........#
.....#......#
#######.......#
#######.# .#


You could see Grinder and the friendly Jessica the human skeleton.

Vanquished Creatures
  A crimson imp (D:3)
  Jessica (D:3)
  Ijyb (D:3)
  6 adders (D:2)
  An adder zombie (D:3)
  2 worms
  A dart slug (D:1)
  2 leopard geckos
  A ball python (D:2)
  3 giant cockroaches
  10 goblins
  4 hobgoblins
  3 jackals (D:1)
  5 kobolds
  9 bats
  4 frilled lizards
  6 rats
60 creatures vanquished.

Vanquished Creatures (collateral kills)
  A rat (D:2)
1 creature vanquished.

Grand Total: 61 creatures vanquished

Notes
Turn   | Place    | Note
-------+----------+-------------------------------------------
     0 | D:1      | sankara the Demonspawn Necromancer began the quest for the
                  | Orb.
     0 | D:1      | Reached XP level 1. HP: 13/13 MP: 3/3
     2 | D:1      | Learned a level 1 spell: Animate Skeleton
   258 | D:1      | Reached skill level 2 in Dodging
   260 | D:1      | Gained mutation: You are partially covered in sharp spines.
                  | [demonic ancestry]
   260 | D:1      | Reached XP level 2. HP: 16/19 MP: 0/5
   403 | D:1      | Reached skill level 5 in Necromancy
   404 | D:1      | HP: 4/19 [jackal (1)]
   970 | D:1      | Gained mutation: You are mostly covered in sharp spines.
                  | [demonic ancestry]
   970 | D:1      | Reached XP level 3. HP: 21/24 MP: 3/6
  1249 | D:2      | Found a snail-covered altar of Cheibriados.
  1349 | D:2      | Learned a level 3 spell: Regeneration
  1527 | D:2      | Found a faded altar of an unknown god.
  1590 | D:2      | Gained mutation: You have a pair of small antennae on your
                  | head. [demonic ancestry]
  1590 | D:2      | Reached XP level 4. HP: 9/30 MP: 2/7
  1602 | D:2      | HP: 7/30 [poisoned by an adder]
  2304 | D:3      | Noticed Grinder
  2304 | D:3      | Noticed Ijyb
  2321 | D:3      | Killed Ijyb
  2321 | D:3      | Reached skill level 6 in Necromancy
  2325 | D:3      | Paralysed by Grinder for 5 turns
  2550 | D:2      | Reached skill level 3 in Dodging
  2641 | D:2      | Gained mutation: You have a pair of antennae on your head.
                  | [demonic ancestry]
  2641 | D:2      | Reached XP level 5. HP: 27/35 MP: 6/8
  2842 | D:3      | Noticed Jessica
  2864 | D:3      | Killed Jessica
  2864 | D:3      | Reached skill level 1 in Fighting
  2921 | D:3      | Paralysed by Grinder for 6 turns
  2929 | D:3      | HP: 9/37 [Grinder (5)]
  2934 | D:3      | Slain by Grinder

Levels and vault maps discovered:
D:1:      elethiomel_arrival_quiet, layout_basic
D:2:      layout_basic, cheibriados_altar_1, chequers_ecumenical_altar_grove,
          first_ration
D:3:      layout_rooms, eat_drink_and_be_merry_uskayaw, gammafunk_ghost_grave,
          uniq_natasha, uniq_ijyb, uniq_jessica, uniq_grinder

Skill      XL: |  1  2  3  4  5 |
---------------+----------------+-----
Dodging        | 2 3 |  3.0
Necromancy     | 5 6 |  6.5
Fighting       | 1 |  1.0
Stealth        | |  1.7
Spellcasting   | |  2.3

Action                   |  1- 3 |  4- 6 || total
-------------------------+-------+-------++-------
Melee: Dagger            |    41 |    26 ||    67
 Cast: Pain              |    34 |    35 ||    69
       Animate Skeleton  |    17 |    11 ||    28
       Regeneration      |     1 |       ||     1
 Stab: Sleeping          |     4 |     1 ||     5
  Eat: Chunk             |     3 |     5 ||     8
Armor: Robe              |     4 |    11 ||    15
Dodge: Dodged            |    31 |    28 ||    59

Table legend:
 A = Non-vault XP
 B = Vault XP
 C = Vault XP percentage of total XP
 D = Non-vault monster count
 E = Vault monster count
 F = Vault count percentage of total count
                 A         B        C        D         E       F
            +---------+---------+-------+---------+---------+-------
      Total |     228 |      72 |  24.0 |      59 |       2 |   3.3
            +---------+---------+-------+---------+---------+-------
        D:1 |      45 |       0 |   0.0 |      27 |       0 |   0.0
        D:2 |     112 |       0 |   0.0 |      23 |       0 |   0.0
        D:3 |      71 |      72 |  50.3 |       9 |       2 |  18.2
            +---------+---------+-------+---------+---------+-------

Levels and vault maps discovered:
D:1:      elethiomel_arrival_quiet, layout_basic
D:2:      layout_basic, cheibriados_altar_1, chequers_ecumenical_altar_grove,
          first_ration
D:3:      layout_rooms, eat_drink_and_be_merry_uskayaw, gammafunk_ghost_grave,
          uniq_natasha, uniq_ijyb, uniq_jessica, uniq_grinder

Table legend:
 A = Turns spent in this place as a percentage of turns spent in the entire game.
 B = Non-inter-level travel turns spent in this place as a percentage of non-inter-level travel turns spent in the entire game.
 C = Inter-level travel turns spent in this place as a percentage of turns spent in this place.
 D = Turns resting spent in this place as a percentage of non-inter-level travel turns spent in this place.
 E = Turns spent auto-exploring this place as a percentage of non-inter-level travel turns spent in this place.
 F = Non-inter-level travel turns spent in this place divided by the number of levels of this place that you've seen.
                   A       B       C       D       E      F
               +-------+-------+-------+-------+-------+----------------------
         Total | 100.0 | 100.0 |   5.8 |  45.5 |  32.4 | 921.3
       Dungeon | 100.0 | 100.0 |   5.8 |  45.5 |  32.4 | 921.3
               +-------+-------+-------+-------+-------+----------------------

Table legend:
 A = Kills in this place as a percentage of kills in entire the game.
 B = Kills by you in this place as a percentage of kills by you in the entire game.
 C = Kills by friends in this place as a percentage of kills by friends in the entire game.
 D = Other kills in this place as a percentage of other kills in the entire game.
 E = Experience gained in this place as a percentage of experience gained in the entire game.
 F = Experience gained in this place divided by the number of levels of this place that you have seen.
                   A       B       C       D       E      F
               +-------+-------+-------+-------+-------+----------------------
         Total | 100.0 | 100.0 | 100.0 |   N/A | 100.0 | 100.0
       Dungeon | 100.0 | 100.0 | 100.0 |   N/A | 100.0 | 100.0
               +-------+-------+-------+-------+-------+----------------------
